 Dungeon Crawl Stone Soup version 0.28.0-53-g5a82cb258f (webtiles) character file.

Game seed: 236124050387162473

219 DildoBatman the Conjurer (level 6, 0/44 HPs)
             Began as a Formicid Conjurer on May 31, 2022.
             Slain by a ball python (3 damage)
             ... in a sewer.
             The game lasted 00:07:02 (2185 turns).

DildoBatman the Conjurer (Formicid Conjurer)        Turns: 2185, Time: 00:07:02

Health: 0/44       AC:  2    Str: 11    XL:     6   Next: 18%
Magic:  10/10      EV:  9    Int: 18    God:
Gold:   82         SH:  0    Dex: 11    Spells: 8/11 levels left

rFire   . . .      SeeInvis +   a - +4 whip (elec)
rCold   . . .      Faith    .   (no shield)
rNeg    . . .      Spirit   .   f - +0 robe
rPois   +          Reflect  .   (helmet unavailable)
rElec   .          Harm     .   (no cloak)
rCorr   .          Rampage  .   (no gloves)
Will    .....                   (no boots)
Stlth   ++........              (no amulet)
HPRegen 0.14/turn               l - ring of poison resistance
MPRegen 0.12/turn               (no ring)

@: lethally poisoned (0 -> -3), attractive, constricted
A: permanent stasis, dig shafts and tunnels, antennae 3, four strong arms
a: Dig


You were in a sewer.
You visited 1 branch of the dungeon, and saw 3 of its levels.
You also visited: Sewer.

You collected 82 gold pieces.

Inventory:

Hand Weapons
 a - a +4 whip of electrocution (weapon)
 b - a +0 hunting sling
Missiles
 d - 69 stones
 e - 42 arrows
 g - 3 atropa-tipped darts
 k - 18 sling bullets
Armour
 f - a +0 robe (worn)
Jewellery
 l - a ring of poison resistance (left hand)
Scrolls
 c - a scroll of enchant armour {unknown}
 h - 4 scrolls of identify {unknown}
 i - 3 scrolls of teleportation {unknown}
 o - a scroll of vulnerability {unknown}
 p - 2 scrolls of blinking {unknown}
Potions
 j - a potion of attraction
 m - a potion of magic
 n - a potion of haste {unknown}
 q - a potion of cancellation {unknown}


   Skills:
 - Level 2.0 Fighting
 - Level 2.0 Maces & Flails
 - Level 2.0 Armour
 - Level 1.7 Dodging
 - Level 2.4 Stealth
 * Level 3.1 Spellcasting
 * Level 4.9 Conjurations


You had 8 spell levels left.
You knew the following spells:

 Your Spells              Type           Power      Damage    Failure   Level
a - Searing Ray           Conj           40%        2d5       3%          2
c - Magic Dart            Conj           80%        1d7       2%          1

Your spell library contained the following spells:

 Spells                   Type           Power      Damage    Failure   Level
 Dazzling Flash           Conj/Hex       22%        N/A       19%         3
 Fulminant Prism          Conj/Hex       5%         3d7       52%         4
 Iskenderun's Mystic Bla  Conj/Tloc      11%        2d4       52%         4


Dungeon Overview and Level Annotations

Branches:
Dungeon (3/15)              Sewer (1/1)

Altars:

Shops:
D:2 (


Innate Abilities, Weirdness & Mutations

You cannot be hasted, slowed, berserked, paralysed or teleported.
You can dig through walls and to a lower floor.
You have a pair of large antennae on your head. (SInv)
Your four strong arms can wield two-handed weapons with a shield.


Message History

The ball python barely misses you. The ball python closely misses you.
The adder barely misses you. The adder bites you.
The ball python hisses angrily.
The ball python bites you. The ball python grabs you.
The ball python constricts you. The adder bites you.
The ball python closely misses you. The ball python constricts you.
The adder misses you. The ball python closely misses you. The adder bites you.
You escape the ball python's grasp.
The adder bites you. The ball python misses you. The ball python grabs you.
The ball python constricts you.
You escape the ball python's grasp.
The adder bites you. x2
The ball python misses you. The ball python barely misses you.
The adder closely misses you.
It was a potion of attraction.
You feel attractive to monsters. The adder bites you. x2
You are poisoned.
The adder poisons you!
Unknown command.
It was a potion of magic.
Magic courses through your body.
You feel sick.
The ball python bites you but does no damage.
The ball python grabs you. The ball python constricts you.
The adder barely misses you. The adder bites you. The ball python bites you.
You die...

##### ####...####
####...†...†.####
##.......†..†.†..#
#@S.......#†......
##SS....##'##......
#SS....##..###.....
#.≈≈≈≈.##..# ##≈≈≈≈
#≈≈≈≈≈≈##### #≈≈≈≈≈
#≈≈≈≈≈≈# #≈≈≈†≈
#≈≈≈≈≈≈# #≈≈≈≈≈
#≈≈≈≈≈≈# #≈≈≈≈≈
#≈≈≈≈≈≈# #≈≈≈≈≈


You could see 2 adders and 3 ball pythons.

Vanquished Creatures
  A bullfrog (Sewer)
  5 adders
  3 river rats (Sewer)
  2 worms (D:3)
  3 dart slugs
  9 ball pythons
  6 bats
  3 endoplasms
  5 giant cockroaches
  5 goblins
  4 hobgoblins
  2 quokkas (D:1)
  5 frilled lizards
  2 kobolds (D:1)
  32 rats
87 creatures vanquished.

Notes
Turn   | Place    | Note
-------+----------+-------------------------------------------
     0 | D:1      | DildoBatman the Formicid Conjurer began the quest for the
                  | Orb.
     0 | D:1      | Reached XP level 1. HP: 13/13 MP: 3/3
   233 | D:1      | Reached XP level 2. HP: 18/19 MP: 3/5
   242 | D:1      | Learned a level 2 spell: Searing Ray
   249 | D:1      | Reached skill level 4 in Conjurations
   307 | D:1      | Found a faded altar of an unknown god.
   386 | D:1      | Reached XP level 3. HP: 19/25 MP: 6/6
   567 | D:1      | Reached skill level 1 in Maces & Flails
   630 | D:2      | Reached skill level 1 in Fighting
   838 | D:2      | Found Tetiek's Weapon Emporium.
   990 | D:2      | Reached XP level 4. HP: 32/32 MP: 5/7
  1557 | D:3      | Found a glowing drain.
  1575 | Sewer    | Entered a sewer
  1697 | Sewer    | Reached XP level 5. HP: 12/38 MP: 3/8
  1775 | Sewer    | Reached skill level 1 in Armour
  2165 | Sewer    | Noticed a bullfrog
  2166 | Sewer    | Noticed a bullfrog
  2172 | Sewer    | Killed a bullfrog
  2173 | Sewer    | Reached XP level 6. HP: 33/44 MP: 4/10
  2185 | Sewer    | Slain by a ball python

Illustrated notes

Levels and vault maps discovered:
D:1:      wheals_arrival_linesprint, layout_basic, basic_ecumenical_altar
D:2:      layout_loops_ring, serial_shops, nicolae_shop_stone,
          kennysheep_generic_room_10
D:3:      layout_loops_corners, serial_shops, shop, portal_sewer_entry_c,
          minmay_quadrilaterals, uniq_grinder
Sewer:    sewer_minmay_w

Skill      XL: |  1  2  3  4  5 |
---------------+----------------+-----
Conjurations   | 4 |  4.9
Maces & Flails | 1 2 |  2.0
Fighting       | 1 2 |  2.0
Armour         | 2 |  2.0
Spellcasting   | 3 |  3.1
Dodging        | |  1.7
Stealth        | |  2.4

Action                   |  1- 3 |  4- 6 || total
-------------------------+-------+-------++-------
Melee: Unarmed           |    10 |       ||    10
       Whip              |    23 |    23 ||    46
       Punch             |       |     1 ||     1
 Fire: Hunting sling     |     7 |    52 ||    59
 Cast: Magic Dart        |    27 |    15 ||    42
       Searing Ray       |     2 |    13 ||    15
 Abil: Dig               |     2 |       ||     2
  Use: Potion            |       |     2 ||     2
Armor: Robe              |     9 |     7 ||    16
Dodge: Dodged            |    24 |    46 ||    70
